 Dungeon Sprint DCSS version 0.27.1 (webtiles) character file.

Game seed: 5368309123133807455

4603 styxcanada the Imperceptible (level 10, -24/55 HPs)
             Began as a Spriggan Brigand on Sept 3, 2021.
             Was an Initiate of Gozag.
             Annihilated by a spriggan berserker (31 damage)
             ... in the Dungeon (Sprint IV: "Fedhas' Mad Dash").
             The game lasted 00:14:16 (1652 turns).

styxcanada the Imperceptible (Spriggan Brigand)     Turns: 1652, Time: 00:14:16

Health: -24/55     AC:  6    Str:  5 (7)  XL:     10   Next: 19%
Magic:  11/11      EV: 26    Int: 13      God:    Gozag
Gold:   1271       SH:  9    Dex: 20      Spells: 9/9 levels left

rFire    . . .     SeeInvis +   r - +2 dagger (vamp)
rCold    . . .     Faith    .   q - +2 buckler {AC+3}
rNeg     . . .     Spirit   .   b - +0 robe
rPois    .         Reflect  .   (helmet restricted)
rElec    .         Harm     .   c - +0 cloak
rCorr    .         Rampage  .   (gloves unavailable)
Will     +....     NoTele   +   (boots unavailable)
Stlth    +++++++++.             l - amulet of invisibility {+Inv}
HPRegen  0.18/turn              (no ring)
MPRegen  0.12/turn              (no ring)

@: very slightly contaminated, very quick
A: very small, no large weapons, unfitting armour, see invisible, speed 3
a: Renounce Religion, Evoke Invisibility, Potion Petition, Call Merchant, Bribe
Branch


You were in the Dungeon.
You worshipped Gozag.
Gozag was most pleased with you.
You visited 1 branch You collected 1850 gold pieces.
You spent 579 gold pieces at shops.

Inventory:

Hand Weapons
 a - a +2 dagger
 j - a +0 hunting sling
 r - a +2 vampiric dagger (weapon)
 t - a +2 hunting sling of flaming
Missiles
 m - 3 datura-tipped darts (quivered)
Armour
 b - a +0 robe (worn)
 c - a +0 cloak (worn)
 q - a +2 buckler of protection (worn)
Jewellery
 l - the amulet of invisibility (around neck) {+Inv}
   (You found it in the Dungeon)

   [amulet of nothing]

   +Inv:      It lets you turn invisible.
Scrolls
 k - a scroll of silence
 n - a scroll of torment
 p - a scroll of summoning
Potions
 f - a potion of curing
 g - a potion of heal wounds
 h - a potion of haste
 i - 2 potions of magic
Miscellaneous
 s - a phantom mirror


   Skills:
 * Level 7.2 Fighting
 + Level 6.9 Short Blades
 + Level 6.2 Throwing
 * Level 11.3 Dodging
 * Level 23.2 Stealth
 * Level 4.1 Shields
 * Level 10.4 Evocations


You had 9 spell levels left.
You didn't know any spells.
Your spell library was empty.

Dungeon Overview and Level Annotations

Branches:
Dungeon (1/1)

Altars:
Cheibriados
Dithmenos
Elyvilon
Gozag
Hepliaklqana
Kikubaaqudgha
Makhleb
Nemelex Xobeh
Okawaru
Qazlal
Ru
Sif Muna
Trog
Uskayaw
Vehumet
Wu Jian
Xom
Yredelemnul
Zin
The Shining One
Beogh
Jiyva
Lugonu

Shops:
D ?!([

Annotations:
D exclusion: 2 oklob plants


Innate Abilities, Weirdness & Mutations

You are very small and have problems with some larger weapons.
You are too small for most types of armour.
You have supernaturally acute eyesight. (SInv)
You cover ground extremely quickly. (Speed+++)


Message History

The spriggan berserker misses you.
You hear a trumpeting!
The spriggan berserker hits you with a +0 war axe!
* * * LOW HITPOINT WARNING * * *
Things that are here:
a +1 lajatang of speed; a +0 robe Throw: 2 darts (poison)
Press: ? - help, Q - select action, (/) - cycle Shift-Dir - straight line, f/p - spriggan berserker
Aim: a spriggan berserker, wielding a +0 war axe and wearing a +0 animal skin (lightly wounded, berserk, very poisoned, 45% to hit)
You throw a poisoned dart.
The poisoned dart hits the spriggan berserker!
The spriggan berserker looks as sick as possible!
The spriggan berserker is lightly wounded.
You block the spriggan berserker's attack.
There is an open door here.
There is an open door here.
The spriggan berserker hits you with a +0 war axe.
* * * LOW HITPOINT WARNING * * *
You feel much better.
You block the spriggan berserker's attack.
The spriggan berserker misses you.
The spriggan berserker hits you with a +0 war axe!!
Ouch! That really hurt!
* * * LOW HITPOINT WARNING * * *
There is an open door here.
The spriggan berserker rages.
Throw: dart (poison)
Press: ? - help, Q - select action, (/) - cycle Shift-Dir - straight line, f/p - spriggan berserker
Aim: a spriggan berserker, wielding a +0 war axe and wearing a +0 animal skin (lightly wounded, berserk, very poisoned, 45% to hit)
You throw a poisoned dart.
The poisoned dart misses the spriggan berserker.
The spriggan berserker closely misses you.
The spriggan berserker completely misses you.
There is an open door here.
There is an open door here.
The spriggan berserker rages.
The spriggan berserker hits you with a +0 war axe!!
Ouch! That really hurt!
You die...
Your body crumbles into a pile of gold.

#################################
..#.....#.....#.⌠._._._._.⌠.#..+.
..'.....'.#...'i@_._._._._..'..#.
PP#.....#.#...#..._._._._...#..##
############'##.._._._._._..#..##
.♣..(.....'...#._._._._._.⌠.#####
....♣.....#...###################
...♣..♣..######♣♣♣♣♣..♣)###iY..(.
####'######..'.)...(♣..♣##$.#.i#y
#....'.)....(#♣..♣♣♣.♣..###(##i#*
#..###.......#.♣♣..♣...♣'..$#*.♣*


You could see a spriggan berserker (berserk, very poisoned).

Vanquished Creatures
  A spriggan druid (D)
  3 oklob plants (D)
  3 burning bushes (D)
  3 wandering mushrooms (D)
  A queen bee (D)
  4 scorpions (D)
  4 killer bees (D)
  5 oklob saplings (D)
  2 spriggans (D)
  A river rat (D)
  A rat (D)
  A ballistomycete spore (D)
29 creatures vanquished.

Vanquished Creatures (collateral kills)
  Agnes (D)
  A moth of wrath (D)
2 creatures vanquished.

Vanquished Creatures (others)
  A ballistomycete spore (D)
  A bush (D)
  6 fungi (D)
8 creatures vanquished.

Grand Total: 39 creatures vanquished

Notes
Turn   | Place    | Note
-------+----------+-------------------------------------------
     0 | D        | styxcanada the Spriggan Brigand began the quest for the
                  | Orb.
     0 | D        | Reached XP level 1. HP: 10/10 MP: 2/2
    22 | D        | Reached skill level 6 in Stealth
    23 | D        | Reached skill level 8 in Stealth
    23 | D        | Reached XP level 2. HP: 3/15 MP: 3/3
   252 | D        | Noticed an oklob sapling
   254 | D        | Killed an oklob sapling
   255 | D        | Reached skill level 9 in Stealth
   255 | D        | Reached XP level 3. HP: 18/18 MP: 4/4
   256 | D        | Noticed a scorpion
   256 | D        | Found the amulet of invisibility {+Inv}
   258 | D        | Killed a scorpion
   259 | D        | Reached skill level 12 in Stealth
   259 | D        | Reached XP level 4. HP: 23/23 MP: 5/5
   382 | D        | Found an opulent altar of Gozag.
   382 | D        | Found a hazy altar of Hepliaklqana.
   382 | D        | Found a burning altar of Makhleb.
   382 | D        | Found a sparkling altar of Nemelex Xobeh.
   382 | D        | Found a snail-covered altar of Cheibriados.
   382 | D        | Found a sacrificial altar of Ru.
   382 | D        | Found a shimmering blue altar of Sif Muna.
   382 | D        | Found a shimmering altar of Xom.
   382 | D        | Found a basalt altar of Yredelemnul.
   383 | D        | Found a viscous altar of Jiyva.
   383 | D        | Found a bloodstained altar of Trog.
   383 | D        | Found an ornate altar of the Wu Jian Council.
   384 | D        | Found an iron altar of Okawaru.
   384 | D        | Found a shadowy altar of Dithmenos.
   384 | D        | Found a glowing silver altar of Zin.
   385 | D        | Found an ancient bone altar of Kikubaaqudgha.
   385 | D        | Found a hide-covered altar of Uskayaw.
   386 | D        | Found a stormy altar of Qazlal.
   386 | D        | Found a white marble altar of Elyvilon.
   386 | D        | Found a glowing golden altar of the Shining One.
   387 | D        | Became a worshipper of Gozag Ym Sagoz the Greedy
   388 | D        | Found a corrupted altar of Lugonu.
   388 | D        | Found a radiant altar of Vehumet.
   392 | D        | Reached skill level 13 in Stealth
   392 | D        | Reached XP level 5. HP: 28/28 MP: 3/6
   404 | D        | Reached skill level 14 in Stealth
   452 | D        | Reached skill level 5 in Dodging
   452 | D        | Reached skill level 1 in Evocations
   453 | D        | Reached skill level 15 in Stealth
   455 | D        | Reached XP level 6. HP: 33/33 MP: 4/7
   483 | D        | Found Kewk's Distillery.
   483 | D        | Found Eteclyoph's Magic Scroll Emporium.
   489 | D        | Bought a scroll of identify for 22 gold pieces
   489 | D        | Bought a scroll of identify for 22 gold pieces
   489 | D        | Bought a scroll of summoning for 104 gold pieces
   490 | D        | Bought a potion of heal wounds for 50 gold pieces
   490 | D        | Bought a potion of heal wounds for 50 gold pieces
   602 | D        | Noticed a burning bush
   602 | D        | Noticed a wandering mushroom
   603 | D        | Noticed a wandering mushroom
   607 | D        | Killed a wandering mushroom
   608 | D        | Reached skill level 17 in Stealth
   608 | D        | Killed a wandering mushroom
   609 | D        | Reached skill level 18 in Stealth
   609 | D        | Reached XP level 7. HP: 38/38 MP: 5/8
   611 | D        | Reached skill level 5 in Fighting
   633 | D        | Killed a burning bush
   634 | D        | Reached skill level 19 in Stealth
   681 | D        | Found Cyqoxiu's Armour Emporium.
   681 | D        | Found Lacuk's Weapon Shoppe.
   688 | D        | Bought 7 datura-tipped darts for 30 gold pieces
   690 | D        | Bought a +2 buckler of protection for 301 gold pieces
   817 | D        | Reached XP level 8. HP: 43/43 MP: 6/9
   823 | D        | Noticed a queen bee
   830 | D        | Killed a queen bee
   831 | D        | Reached skill level 5 in Throwing
   831 | D        | Reached skill level 20 in Stealth
   831 | D        | Reached skill level 5 in Evocations
   832 | D        | Reached skill level 5 in Short Blades
   832 | D        | Reached skill level 1 in Shields
   884 | D        | Noticed an oklob plant
   886 | D        | Killed an oklob plant
   887 | D        | Reached skill level 21 in Stealth
   956 | D        | Noticed a burning bush
   960 | D        | Killed a burning bush
   961 | D        | Reached XP level 9. HP: 48/48 MP: 7/10
  1027 | D        | Noticed a burning bush
  1027 | D        | Noticed an oklob plant
  1028 | D        | Noticed a wandering mushroom
  1029 | D        | Killed a burning bush
  1034 | D        | Killed an oklob plant
  1035 | D        | Reached skill level 22 in Stealth
  1038 | D        | Killed a wandering mushroom
  1091 | D        | Noticed a spriggan druid
  1114 | D        | Killed a spriggan druid
  1115 | D        | Reached skill level 10 in Dodging
  1121 | D        | Noticed a ghost moth
  1123 | D        | Noticed a moth of wrath
  1146 | D        | Killed a moth of wrath
  1147 | D        | Reached skill level 23 in Stealth
  1566 | D        | Noticed an oklob plant conjurer
  1567 | D        | Killed an oklob plant conjurer
  1568 | D        | Noticed a spriggan rider
  1569 | D        | Noticed an oklob plant
  1569 | D        | Noticed a moth of wrath
  1572 | D        | Noticed an oklob plant summoner
  1572 | D        | Noticed Agnes
  1575 | D        | Noticed a spriggan berserker
  1580 | D        | Noticed an elephant
  1606 | D        | Killed Agnes
  1607 | D        | Reached skill level 10 in Evocations
  1607 | D        | Reached XP level 10. HP: 21/55 MP: 11/11
  1652 | D        | Annihilated by a spriggan berserker

Illustrated notes

Levels and vault maps discovered:
D:        dungeon_sprint_fedhas [sprint_temple]

Skill      XL: |  1  2  3  4  5  6  7  8  9 |
---------------+----------------------------+-----
Stealth        | 8 9 12 13 15 18 19 21 23 | 23.2
Dodging        | 2 3 4 5 7 9 11 | 11.3
Fighting       | 2 3 4 5 6 7 |  7.2
Throwing       | 3 4 5 6 |  6.2
Short Blades   | 3 4 5 6 |  6.9
Evocations     | 1 3 4 7 10 | 10.4
Shields        | 2 4 |  4.1

Action                   |  1- 3 |  4- 6 |  7- 9 | 10-12 || total
-------------------------+-------+-------+-------+-------++-------
Melee: Dagger            |     8 |     8 |    68 |       ||    84
Throw: Dart              |     9 |       |    28 |     6 ||    43
 Abil: Evoke Invisibilit |       |     3 |     6 |       ||     9
Evoke: Phantom mirror    |       |       |     1 |       ||     1
  Use: Scroll            |       |       |     5 |       ||     5
       Potion            |       |       |     3 |     2 ||     5
 Stab: Sleeping          |     2 |     7 |    14 |       ||    23
Armor: Robe              |       |       |     8 |       ||     8
Dodge: Dodged            |     4 |       |    53 |     5 ||    62
Block: Buckler           |       |       |    27 |     2 ||    29
